AoeStats
← Wodam

Black Forest

505193494Analyzed
1v1 RM · 25d ago on Sep 8, 2026· 40m 52s· 2 players
Game mode
Random Map
Map size
Tiny (2 player)
Population
200
Speed
Normal
Resources
Standard
Victory
Conquest
Starting age
Dark Age
Ending age
Imperial Age
RankedLock teamsTeams togetherTeam positionsShared explorationLock speedFull tech treeHidden civsTurbo modeCheats
Victory
Defeat
🇪🇨 Vikings · Ecuador
1079
+18
🇩🇪 Persians · Germany
1128
-18
SnoopDiego
3:02 Loom
12:46 Feudal Age
15:17 Fishing Lines
23:39 Castle Age
21:47 Horse Collar
22:03 Double-Bit Axe
22:10 Gold Mining
24:28 Heavy Plow
24:20 Gillnets
26:52 Bow Saw
28:28 Pikeman
32:08 Imperial Age
29:33 Crossbowman
30:28 Forging
30:18 Scale Mail Armor
31:21 Squires
31:09 Arson
32:13 Chain Mail Armor
35:06 Plate Mail Armor
35:11 Iron Casting
34:27 Fletching
35:49 Chemistry
35:09 Ballistics
35:53 Iron Casting
35:31 Masonry
35:16 Murder Holes
34:49 Elite Skirmisher
37:01 Two-Man Saw
36:25 Conscription
36:37 Crop Rotation
35:57 Town Watch
37:20 Bodkin Arrow
38:28 Blast Furnace
37:56 Town Patrol
38:02 Bracer
38:02 Padded Archer Armor
39:20 Padded Archer Armor
40:32 Architecture
40:54 Leather Archer Armor
40:58 Chieftains
Wodam
11:00 Feudal Age
15:55 Castle Age
15:12 Double-Bit Axe
17:27 Bow Saw
20:12 Horse Collar
20:23 Gold Mining
24:47 Bloodlines
25:35 Husbandry
26:23 Heavy Plow
28:23 Wheelbarrow
28:53 Scale Barding Armor
30:26 Chain Barding Armor
30:17 Forging
32:33 Iron Casting
34:41 Imperial Age
33:30 Hand Cart
33:01 Loom
34:21 Cavalier
35:41 Plate Barding Armor
35:58 Savar
37:42 Hoardings
37:32 Conscription
39:08 Citadels
39:03 Town Watch
40:23 Onager
Connection lost

Rejoining the realm…

Still unreachable

The connection could not be restored.

Session expired

The server has moved on; the page needs a fresh start.